AoeStats
← BlankPrawn5690

Arabia

510829376Analyzed
1v1 RM · 9h ago on Oct 2, 2026· 71m 7s· 2 players
Game mode
Random Map
Map size
Tiny (2 player)
Population
200
Speed
Normal
Resources
Standard
Victory
Conquest
Starting age
Dark Age
Ending age
Imperial Age
RankedLock teamsTeams togetherTeam positionsShared explorationLock speedFull tech treeHidden civsTurbo modeCheats
Victory
Defeat
🇮🇳 Georgians · India
806
+15
🇨🇦 Danes · Canada
787
-15
BlankPrawn5690
4:40 Loom
12:13 Feudal Age
12:48 Man-at-Arms
13:51 Double-Bit Axe
16:45 Forging
19:46 Arson
21:04 Scale Mail Armor
23:53 Wheelbarrow
27:07 Castle Age
27:13 Long Swordsman
27:39 Gambesons
27:15 Pikeman
38:14 Iron Casting
40:38 Squires
46:55 Imperial Age
47:34 Halberdier
49:20 Blast Furnace
50:19 Bow Saw
54:51 Chain Mail Armor
56:07 Two-Handed Swordsman
63:39 Champion
raghu123six
8:21 Loom
11:35 Feudal Age
13:14 Horse Collar
13:20 Double-Bit Axe
14:21 Bloodlines
15:27 Scale Mail Armor
18:45 Forging
21:43 Scale Barding Armor
25:50 Castle Age
25:28 Stone Mining
25:33 Gold Mining
26:55 Wheelbarrow
26:34 Husbandry
27:16 Stone Shaft Mining
26:53 Bow Saw
27:54 Wheelbarrow
27:21 Heavy Plow
28:23 Iron Casting
36:23 Hand Cart
36:53 Chain Barding Armor
36:54 Town Watch
46:07 Imperial Age
43:37 Town Patrol
45:21 Town Patrol
44:53 Crossbowman
47:57 Crop Rotation
48:43 Conscription
48:59 Hoardings
48:42 Scale Mail Armor
48:35 Fletching
49:21 Elite Monaspa
50:25 Conscription
52:54 Blast Furnace
51:54 Scale Mail Armor
51:49 Bodkin Arrow
51:55 Padded Archer Armor
52:31 Plate Barding Armor
53:33 Aznauri Cavalry
53:58 Ballistics
53:35 Murder Holes
54:19 Heavy Scorpion
55:05 Bracer
55:20 Chain Mail Armor
55:20 Masonry
56:27 Redemption
56:35 Block Printing
56:43 Sanctity
56:35 Fervor
56:31 Devotion
56:52 Devotion
57:13 Sanctity
59:26 Chemistry
58:57 Architecture
58:07 Treadmill Crane
58:33 Siege Engineers
65:10 Leather Archer Armor
65:07 Svan Towers
65:38 Hoardings
64:33 Sappers
65:52 Hoardings
64:47 Sappers
Connection lost

Rejoining the realm…

Still unreachable

The connection could not be restored.

Session expired

The server has moved on; the page needs a fresh start.